 Dungeon Crawl Stone Soup version 0.24.1 (webtiles) character file.

Game seed: 10173486352121640345, levelgen mode: deterministic

13441 Amplified the Bludgeoner (level 11, 0/101 HPs)
             Began as a Minotaur Earth Elementalist on Mar 23, 2020.
             Was a High Priest of Okawaru.
             Slain by a hippogriff (2 damage)
             ... on level 11 of the Dungeon.
             The game lasted 00:17:24 (10297 turns).

Amplified the Bludgeoner (MiEE)                    Turns: 10297, Time: 00:17:24

Health: 0/101      AC: 10    Str: 16    XL:     11   Next: 75%
Magic:  8/13       EV: 14    Int: 12    God:    Okawaru [*****.]
Gold:   232        SH:  0    Dex: 16    Spells: 9/12 levels left

rFire    + . .     SeeInvis +   t - +8 great mace "Hixa" {holy, -Tele rElec rN+ Dex+5}
rCold    + . .     Gourm    .   (shield currently unavailable)
rNeg     + . .     Faith    .   k - +3 leather armour {rC+}
rPois    .         Spirit   .   n - +2 hat {SInv}
rElec    +         Reflect  .   s - +1 cloak
rCorr    .         Harm     .   (no gloves)
MR       +....     NoTele   +   (no boots)
Stlth    ++........             (no amulet)
HPRegen  0.26/turn              p - ring of protection from fire
MPRegen  0.13/turn              o - ring of protection from magic

@: lethally poisoned (0 -> -79), hasted, very quick
A: retaliatory headbutt, horns 2
a: Heroism, Finesse, Renounce Religion


You were on level 11 of the Dungeon.
You worshipped Okawaru.
Okawaru was extremely pleased with you.
You were hungry.

You visited 2 branches of the dungeon, and saw 12 of its levels.

You collected 752 gold pieces.
You spent 520 gold pieces at shops.

Inventory:

Hand Weapons
 a - a +3 flail of holy wrath
 f - a +2 whip of electrocution
 t - the +8 great mace "Hixa" (weapon) {holy, -Tele rElec rN+ Dex+5}
   (Okawaru gifted it to you on level 10 of the Dungeon)

   It has been blessed by the Shining One to cause great damage to the undead
   and demons.
   It affects your dexterity (+5).
   It insulates you from electricity.
   It protects you from negative energy.
   It prevents most forms of teleportation.
Missiles
 b - 283 stones
 i - 71 poisoned darts (quivered)
 j - 4 silver boomerangs
 A - 2 curare-tipped darts
Armour
 k - a +3 leather armour of cold resistance (worn)
 n - a +2 hat of see invisible (worn)
 s - a +1 cloak (worn)
Jewellery
 l - a +3 ring of intelligence
 o - a ring of protection from magic (right hand)
 p - a ring of protection from fire (left hand)
 u - an uncursed ring of ice
Wands
 c - a wand of random effects (21)
 h - a wand of digging (5)
 r - a wand of iceblast (10)
 w - a wand of paralysis (19)
 y - a wand of polymorph (23)
 B - a wand of acid (6)
Scrolls
 e - 11 scrolls of remove curse
 m - a scroll of silence
 v - 2 scrolls of magic mapping
 C - a scroll of fear {unknown}
 F - 2 scrolls of identify
Potions
 g - a potion of heal wounds
 x - 2 potions of cancellation
 z - 2 potions of lignification
 D - a potion of might {unknown}
 E - a potion of flight {unknown}
Comestibles
 d - 17 rations


   Skills:
 - Level 10.3 Fighting
 * Level 17.0 Maces & Flails
 - Level 0.9 Throwing
 - Level 5.3 Armour
 - Level 3.8 Dodging
 - Level 1.5 Stealth
 - Level 1.3 Spellcasting
 - Level 0.7 Transmutations
 - Level 2.4 Earth Magic
 - Level 4.0 Invocations


You had 9 spell levels left.
You knew the following spells:

 Your Spells              Type           Power        Failure   Level  Hunger
a - Sandblast             Erth           #.....       13%         1    ##.....
b - Passwall              Tmut/Erth      #.......     28%         2    ###....

Your spell library contained the following spells:

 Spells                   Type           Power        Failure   Level  Hunger
 Magic Dart               Conj           #...         34%         1    ##.....
 Summon Small Mammal      Summ           #...         34%         1    ##.....
 Blink                    Tloc           N/A          45%         2    ###....
 Call Imp                 Summ           #.......     45%         2    ###....
 Slow                     Hex            #.......     45%         2    ###....
 Stone Arrow              Conj/Erth      #.....       54%         3    ####...
 Call Canine Familiar     Summ           #.......     71%         3    ####...
 Conjure Flame            Conj/Fire      #.......     71%         3    ####...
 Mephitic Cloud           Conj/Pois/Air  #.......     71%         3    ####...
 Summon Guardian Golem    Hex/Summ       #.......     71%         3    ####...
 Petrify                  Tmut/Erth      #.......     88%         4    #####..
 Summon Ice Beast         Ice/Summ       #.......     98%         4    #####..
 Summon Lightning Spire   Summ/Air       #.......     98%         4    #####..
 Lee's Rapid Deconstruct  Erth           #.........   98%         5    ######.


Dungeon Overview and Level Annotations

Branches:
Dungeon (11/15)            Temple (1/1) D:4            Lair (0/6) D:9
    Orc (0/2) D:10

Altars:
Ashenzari
Cheibriados
Dithmenos
Elyvilon
Fedhas
Gozag
Hepliaklqana
Kikubaaqudgha
Makhleb
Nemelex Xobeh
Okawaru
Qazlal
Ru
Sif Muna
Trog
Uskayaw
Vehumet
Wu Jian
Xom
Yredelemnul
Zin
The Shining One

Shops:
D:4 ?


Innate Abilities, Weirdness & Mutations

You reflexively headbutt those who attack you in melee.
You have a pair of horns on your head.


Message History

* * * LOW HITPOINT WARNING * * *
The wolf spider bites you.
* * * LOW HITPOINT WARNING * * *
You are more poisoned.
The wolf spider poisons you! The hippogriff barely misses you.
The hippogriff pecks you but does no damage.
The hippogriff claws you but does no damage.
Unknown command.
Unknown command.
Okay, then.
You feel much better.
* * * LOW HITPOINT WARNING * * *
You feel sick. The wolf spider hits you!
* * * LOW HITPOINT WARNING * * *
The wolf spider bites you.
* * * LOW HITPOINT WARNING * * *
You are more poisoned.
The wolf spider poisons you! The hippogriff misses you.
The hippogriff pecks you.
You die...

........#.#.#..............# ..
##.#..##.##..####.##.......# ..
#.###.#.#.#.##...####......# ..
..#####.#.#####............# .#
#..###.#.#...#.#.#.##.###########
#.#..#..#.#..####.#.#.#......#...
.#..##...#.#..........#......#...
.#..#.....#.#.#######)#.....##..#
.#.#.#..#.#.#.#P@H.P#.#.....##..#
....##.##...#.#s###.#............
...#...##.#...'.#?+.#.......##...
.#.##..##.#.#.#.###.#.#'######...
...# ###..#.#.#P...P#.#..........
.#####..#.....#######............
..........................#######
#####........#....#..##...######
######'####..#....##'##........#


You could see a wolf spider and a hippogriff.

Vanquished Creatures
  Gastronok (D:8)
  A centaur warrior (D:11)
  A death knight (D:11)
  A two-headed ogre (D:9)
  A skeletal warrior (D:11)
  An ugly thing (D:11)
  Maurice (D:8)
  Joseph (D:8)
  Psyche (D:8)
  A gargoyle (D:11)
  A hornet (D:9)
  A slime creature (D:11)
  3 hippogriffs
  Sigmund (D:3)
  3 hogs (D:9)
  A yak (D:9)
  2 wyverns (D:8)
  A human (D:9)
  A hungry ghost (D:6)
  Grum (D:9)
  A water moccasin (D:6)
  An eye of draining (D:11)
  2 ice beasts (D:8)
  3 sky beasts
  4 orc warriors
  2 black bears (D:7)
  A phantom (D:4)
  5 centaurs
  2 wolves (D:9)
  An eye of draining (shapeshifter) (D:11)
  5 ogres
  2 big kobolds
  3 bullfrogs
  8 wights
  5 howler monkeys
  2 centaur zombies
  6 crimson imps
  6 hounds
  2 quasits
  4 jellies
  10 orc wizards
  11 orc priests
  5 centaur skeletons
  Ijyb (D:4)
  3 iguanas
  2 worker ants (D:5)
  A killer bee zombie (D:5)
  3 hound zombies
  A worker ant zombie (D:8)
  11 adders
  2 shadow imps
  An ooze (D:4)
  An adder skeleton (D:4)
  A worm (D:5)
  4 dart slugs
  3 leopard geckos
  50 orcs
  3 giant cockroaches
  10 goblins
  6 hobgoblins
  3 quokkas
  A ball python zombie (D:5)
  3 bats
  8 frilled lizards
  A giant cockroach zombie (D:5)
  27 kobolds
  A quokka zombie (D:5)
  6 rats
269 creatures vanquished.

Notes
Turn   | Place    | Note
-------+----------+-------------------------------------------
     0 | D:1      | Amplified the Minotaur Earth Elementalist began the quest
                  | for the Orb.
     0 | D:1      | Reached XP level 1. HP: 14/14 MP: 1/1
   244 | D:1      | Reached skill level 1 in Armour
   254 | D:1      | Reached skill level 1 in Fighting
   254 | D:1      | Reached XP level 2. HP: 22/23 MP: 0/3
  1018 | D:2      | Found an ornate altar of the Wu Jian Council.
  1079 | D:2      | Reached XP level 3. HP: 22/29 MP: 0/4
  1257 | D:2      | Reached XP level 4. HP: 27/37 MP: 3/5
  1352 | D:2      | Learned a level 2 spell: Passwall
  1769 | D:3      | Noticed Sigmund
  1919 | D:3      | Found an ancient bone altar of Kikubaaqudgha.
  1924 | D:3      | Found a shimmering altar of Xom.
  1924 | D:3      | Found an iron altar of Okawaru.
  1926 | D:3      | Found a radiant altar of Vehumet.
  1926 | D:3      | Found a shimmering altar of Xom.
  1926 | D:3      | Found an ancient bone altar of Kikubaaqudgha.
  2313 | D:3      | Killed Sigmund
  2313 | D:3      | Reached skill level 2 in Maces & Flails
  2313 | D:3      | Reached XP level 5. HP: 27/46 MP: 6/6
  2313 | D:3      | Reached XP level 6. HP: 31/52 MP: 7/7
  2898 | D:4      | Found a shadowy altar of Dithmenos.
  2926 | D:4      | Found a staircase to the Ecumenical Temple.
  2938 | Temple   | Entered the Ecumenical Temple
  3055 | Temple   | Became a worshipper of Warmaster Okawaru
  3122 | Temple   | Reached skill level 3 in Maces & Flails
  3449 | D:4      | Found Giguyfing's Magic Scroll Emporium.
  3454 | D:4      | Reached skill level 1 in Invocations
  3497 | D:5      | Entered Level 5 of the Dungeon
  3497 | D:5      | Noticed Ijyb
  3509 | D:4      | Killed Ijyb
  3509 | D:4      | Reached skill level 5 in Fighting
  3547 | D:4      | Reached skill level 4 in Maces & Flails
  3547 | D:4      | Reached XP level 7. HP: 41/61 MP: 8/8
  3811 | D:4      | Reached * piety under Okawaru
  4246 | D:4      | Reached skill level 5 in Maces & Flails
  4637 | D:5      | Reached ** piety under Okawaru
  4769 | D:5      | Reached XP level 8. HP: 64/71 MP: 9/9
  4931 | D:5      | Reached skill level 6 in Maces & Flails
  5578 | D:6      | Found a glowing golden altar of the Shining One.
  5682 | D:6      | Found a stormy altar of Qazlal.
  5682 | D:6      | Found an ancient bone altar of Kikubaaqudgha.
  5687 | D:6      | Found a hide-covered altar of Uskayaw.
  5689 | D:6      | Found an opulent altar of Gozag.
  5691 | D:6      | Found a sparkling altar of Nemelex Xobeh.
  6056 | D:6      | Reached skill level 7 in Maces & Flails
  6786 | D:7      | Reached XP level 9. HP: 71/82 MP: 11/11
  6792 | D:7      | Reached skill level 8 in Maces & Flails
  6999 | D:7      | Found a hazy altar of Hepliaklqana.
  7172 | D:7      | Found a burning altar of Makhleb.
  7272 | D:8      | Reached *** piety under Okawaru
  7366 | D:8      | Noticed Joseph
  7378 | D:8      | Killed Joseph
  7378 | D:8      | Reached skill level 9 in Maces & Flails
  7527 | D:8      | Reached skill level 10 in Fighting
  7527 | D:8      | Reached skill level 5 in Armour
  7575 | D:8      | Noticed Psyche
  7579 | D:8      | Killed Psyche
  7648 | D:8      | Reached skill level 10 in Maces & Flails
  7666 | D:8      | Reached **** piety under Okawaru
  7705 | D:8      | Noticed Gastronok
  7795 | D:8      | Killed Gastronok
  7795 | D:8      | Reached skill level 12 in Maces & Flails
  7795 | D:8      | Reached XP level 10. HP: 49/94 MP: 10/12
  8007 | D:8      | Found a radiant altar of Vehumet.
  8143 | D:8      | Noticed Maurice
  8158 | D:8      | Killed Maurice
  8378 | D:4      | Bought a scroll of acquirement for 520 gold pieces
  8493 | D:9      | Found a staircase to the Lair.
  8493 | D:9      | Noticed Grum
  8507 | D:9      | Killed Grum
  8526 | D:9      | Noticed a two-headed ogre
  8527 | D:9      | Reached skill level 13 in Maces & Flails
  8543 | D:9      | Killed a two-headed ogre
  8543 | D:9      | Reached ***** piety under Okawaru
  8613 | D:9      | Reached skill level 14 in Maces & Flails
  8683 | D:9      | Reached XP level 11. HP: 48/101 MP: 13/13
  8740 | D:9      | Found a sacrificial altar of Ru.
  9043 | D:10     | Entered Level 10 of the Dungeon
  9117 | D:10     | Received a gift from Okawaru
  9127 | D:10     | Got a bloodstained great mace {god gift}
  9128 | D:10     | Identified the +8 great mace "Hixa" {holy, -Tele rElec rN+
                  | Dex+5} (Okawaru gifted it to you on level 10 of the
                  | Dungeon)
  9192 | D:10     | Reached skill level 15 in Maces & Flails
  9278 | D:10     | Found a staircase to the Orcish Mines.
  9689 | D:11     | Noticed a red ugly thing
  9695 | D:11     | Killed a red ugly thing
  9717 | D:11     | Noticed a centaur warrior
  9725 | D:11     | Killed a centaur warrior
  9725 | D:11     | Reached skill level 16 in Maces & Flails
  9845 | D:11     | Noticed a skeletal warrior
  9855 | D:11     | Killed a skeletal warrior
 10205 | D:11     | Noticed a death knight
 10215 | D:11     | Killed a death knight
 10215 | D:11     | Reached skill level 17 in Maces & Flails
 10287 | D:11     | Noticed a wolf spider
 10296 | D:11     | HP: 4/101 [wolf spider (6)]
 10297 | D:11     | Slain by a hippogriff

Levels and vault maps discovered:
D:1:      minmay_arrival_diagonal_passages, layout_rooms, minmay_pentomino_p4
D:2:      layout_rooms, lemuel_round_altar
D:3:      layout_loops_ring, doesnt_xom_only_xom, uniq_sigmund
D:4:      corexii_shack_village, layout_basic, minmay_temple_entry_glass,
          first_ration, serial_shops, nicolae_shop_trees,
          chequers_serial_rivers_small_b, minmay_misc_feat_rows,
          grunt_dithmenos_smoke_and_mirrors
D:5:      layout_layer_cave, uniq_ijyb
D:6:      layout_loops_cross, chequers_temple_overflow_minitemple,
          nicolae_overflow_crystal_walls
D:7:      layout_basic, overflow_temple_1_default, makhleb_heckhound_becter
D:8:      layout_loops_ring, lemuel_crystal_altar, uniq_gastronok, uniq_joseph,
          uniq_maurice, uniq_psyche
D:9:      layout_cross, nicolae_ru_awakened_eye, lair_entry_dummy,
          grunt_livestock, uniq_grum
D:10:     layout_rooms, orc_0_dummy, kennysheep_generic_room_9
D:11:     layout_gridville, minmay_misc_feat_ornament, minmay_shattered_shrine
Temple:   minmay_temple_bridge_abc

Skill      XL: |  1  2  3  4  5  6  7  8  9 10 11 |
---------------+----------------------------------+-----
Armour         | 1 2 3 5 |  5.3
Fighting       | 1 2 3 5 6 8 10 | 10.3
Dodging        | 3 |  3.8
Maces & Flails | 2 4 5 7 12 14 17 | 17.0
Invocations    | 1 2 4 |  4.0
Throwing       | |  0.9
Stealth        | |  1.5
Spellcasting   | |  1.3
Transmutations | |  0.7
Earth Magic    | |  2.4

Action                   |  1- 3 |  4- 6 |  7- 9 | 10-12 || total
-------------------------+-------+-------+-------+-------++-------
Melee: Unarmed           |    66 |    17 |       |       ||    83
       Headbutt          |     8 |    11 |    64 |    34 ||   117
       Flail             |       |    70 |    38 |       ||   108
       Whip              |       |       |   305 |    25 ||   330
       Punch             |       |       |     1 |       ||     1
       Great mace        |       |       |       |   224 ||   224
Throw: Dart              |       |    13 |     3 |       ||    16
 Cast: Sandblast         |    23 |     4 |       |       ||    27
Invok: Heroism           |       |       |     5 |    13 ||    18
Evoke: Wand              |       |       |     9 |     2 ||    11
  Use: Scroll            |     5 |     6 |    12 |     4 ||    27
       Potion            |       |     4 |     1 |     3 ||     8
 Stab: Sleeping          |       |     1 |     1 |     3 ||     5
       Paralysed         |       |       |       |     9 ||     9
  Eat: Chunk             |     2 |     4 |     8 |     4 ||    18
       Ration            |       |     2 |     2 |     1 ||     5
Armor: Robe              |    10 |    18 |       |       ||    28
       Leather armour    |       |    12 |    64 |    86 ||   162
Dodge: Dodged            |    47 |    98 |   174 |   187 ||   506
